[Event "ICC tourney 2355 (60 10)"]
[Site "Internet Chess Club"]
[Date "2021.01.31"]
[Round "6"]
[White "hannahchan"]
[Black "petitejudo"]
[Result "1-0"]
[ICCResult "Black checkmated"]
[WhiteElo "961"]
[BlackElo "1162"]
[Opening "Scandinavian (center counter) defense"]
[ECO "B01"]
[NIC "SD.01"]
[Time "16:03:35"]
[PlyCount "63"]
[TimeControl "3600+10"]

1. e4 d5 2. exd5 Qxd5 3. Nc3 Qa5 4. d4 c6 5. Nf3 Nf6 6. Bd2 Qc7 7. h3 Bf5
8. Bc4 e6 9. O-O Bd6 10. Re1 Nbd7 11. Qe2 O-O-O 12. Bg5 h6 13. Bxf6 gxf6
14. a4 Rhg8 15. Kh1 Rg7 16. a5 Rdg8 17. Rg1 e5 18. Bd3 Be6 19. Bc4 Nf8 20.
Bxe6+ Nxe6 21. dxe5 fxe5 22. a6 b6 23. Rae1 Nf4 24. Qd2 Nxg2 25. Rd1 Bb4
26. Qd3 Bxc3 27. Qxc3 e4 28. Ne5 Nh4 29. Rxg7 Rxg7 30. Rd7 Qxe5 31. Qxc6+
Qc7 32. Qxc7# { Black checkmated } 1-0

[Event "ICC tourney 2355 (60 10)"]
[Site "Internet Chess Club"]
[Date "2021.01.31"]
[Round "6"]
[White "Bananaville"]
[Black "DiamondUnicorn"]
[Result "0-1"]
[ICCResult "White checkmated"]
[WhiteElo "809"]
[BlackElo "1149"]
[Opening "Sicilian defense"]
[ECO "B30"]
[NIC "SI.31"]
[Time "16:04:23"]
[PlyCount "86"]
[TimeControl "3600+10"]

1. e4 c5 2. Nf3 Nc6 3. c3 Nf6 4. Qc2 e5 5. Bc4 Be7 6. d3 b6 7. Bg5 Bb7 8.
Nbd2 Qc7 9. Nf1 h6 10. Bxf6 Bxf6 11. Ng3 g6 12. a3 Bg7 13. b4 cxb4 14. axb4
a6 15. O-O O-O 16. Rfd1 b5 17. Bd5 Nxb4 18. Qb3 Nxd5 19. exd5 Rac8 20. Rac1
d6 21. c4 bxc4 22. dxc4 Rb8 23. Qd3 Rfd8 24. Ne4 f5 25. Ng3 e4 26. Nxe4
fxe4 27. Qxe4 Qf7 28. h3 Re8 29. Qd3 Red8 30. Nh4 g5 31. Nf5 Qf6 32. Re1
Re8 33. Ne3 Qf7 34. Rcd1 Re7 35. Rf1 Rf8 36. Ng4 Rfe8 37. Ra1 h5 38. Ne5
Rxe5 39. Rad1 R5e7 40. Rd2 Be5 41. Rdd1 Rf8 42. Qd2 Qf4 43. Qd3 Qh2# {
White checkmated } 0-1

[Event "ICC tourney 2355 (60 10)"]
[Site "Internet Chess Club"]
[Date "2021.01.31"]
[Round "6"]
[White "augustha"]
[Black "cman-g"]
[Result "1-0"]
[ICCResult "Black checkmated"]
[WhiteElo "624"]
[BlackElo "744"]
[Opening "English: Carls' Bremen system"]
[ECO "A22"]
[NIC "EO.10"]
[Time "16:04:00"]
[PlyCount "119"]
[TimeControl "3600+10"]

1. c4 e5 2. Nc3 Nf6 3. g3 Bc5 4. Bg2 O-O 5. Nf3 d6 6. O-O e4 7. Ng5 Bf5 8.
Ngxe4 Nxe4 9. Nxe4 Bxe4 10. Bxe4 c6 11. d3 f5 12. Bg2 Nd7 13. Bf4 Nf6 14.
Qb3 Bb6 15. c5+ Kh8 16. cxb6 axb6 17. Qb4 c5 18. Qb3 d5 19. Bg5 h6 20. Bxf6
Rxf6 21. Qxd5 Qxd5 22. Bxd5 Ra7 23. Rfd1 Rd6 24. Bf3 b5 25. e3 b6 26. d4 c4
27. b3 c3 28. Rdc1 Rc7 29. Rc2 Rd8 30. Rac1 Rdc8 31. Kf1 b4 32. Ra1 Kg8 33.
a3 bxa3 34. Rxa3 Kf8 35. Ra1 Ke7 36. Rac1 Kd6 37. Ke2 b5 38. b4 Rc4 39. Kd3
Rxb4 40. Rxc3 Rbc4 41. Rxc4 bxc4+ 42. Rxc4 Rxc4 43. Kxc4 Kd7 44. Kd5 Kd8
45. Kd6 Kc8 46. Ke7 g5 47. d5 Kc7 48. d6+ Kb6 49. d7 g4 50. d8=Q+ Kc5 51.
Qd6+ Kc4 52. Qd5+ Kc3 53. Qd4+ Kc2 54. Bd1+ Kc1 55. Kd6 Kb1 56. Kc5 Ka2 57.
Kb4 Kb1 58. Kb3 Kc1 59. Qd3 f4 60. Qc2# { Black checkmated } 1-0

[Event "ICC tourney 2355 (60 10)"]
[Site "Internet Chess Club"]
[Date "2021.01.31"]
[Round "6"]
[White "srsmv"]
[Black "che2468"]
[Result "0-1"]
[ICCResult "White checkmated"]
[WhiteElo "1230"]
[BlackElo "1433"]
[Opening "Sicilian: Alapin's variation (2.c3)"]
[ECO "B22"]
[NIC "SI.46"]
[Time "16:03:29"]
[PlyCount "118"]
[TimeControl "3600+10"]

1. e4 c5 2. c3 Nf6 3. Nf3 Nxe4 4. d4 e6 5. Bf4 Be7 6. Bd3 Nf6 7. O-O O-O 8.
Na3 a6 9. Nc4 d5 10. Nce5 c4 11. Bb1 Nbd7 12. Qc2 Ne4 13. Nd2 Ndf6 14. f3
Nxd2 15. Bxd2 g6 16. f4 b5 17. Rf3 Qb6 18. g4 b4 19. f5 b3 20. axb3 Qxb3
21. Qxb3 cxb3 22. Nc6 Bd6 23. fxg6 fxg6 24. Bh6 Rf7 25. Nd8 Rd7 26. Nxe6
Re7 27. Rxf6 Bxe6 28. Rxa6 Rd8 29. Rxd6 Rde8 30. Bd3 Bxg4 31. Bxg6 Re1+ 32.
Rf1 Rxf1+ 33. Kxf1 Be2+ 34. Kf2 hxg6 35. Rxg6+ Kh7 36. Rd6 Bc4 37. Bf4 Re2+
38. Kf1 Re4+ 39. Kf2 Rxf4+ 40. Ke1 Rh4 41. Rd7+ Kg6 42. Rd6+ Kf5 43. Rd7
Rxh2 44. Rf7+ Ke4 45. Rf2 Rxf2 46. Kxf2 Kd3 47. Ke1 Kc2 48. Kf2 Kxb2 49.
Ke3 Kxc3 50. Kf2 b2 51. Ke1 b1=Q+ 52. Kf2 Qd3 53. Kg2 Kxd4 54. Kf2 Ke4 55.
Kg2 Qe3 56. Kh2 Qf3 57. Kg1 Qe2 58. Kh1 Kf3 59. Kg1 Qg2# { White checkmated
} 0-1